 Dungeon Crawl Stone Soup version 0.31.0-12-g77e489cdc1 (webtiles) character file.

Game seed: 11987864631832831404

126 Gadfly the Trooper (level 5, 0/55 HPs)
             Began as an Oni Berserker on Feb 23, 2024.
             Was a Priest of Trog.
             Slain by a hobgoblin (3 damage)
             ... led by Robin
             ... on level 3 of the Dungeon.
             The game lasted 00:04:36 (2658 turns).

Gadfly the Trooper (Oni Berserker)                  Turns: 2658, Time: 00:04:36

Health: 0/55       AC:  3    Str: 21    XL:     5   Next: 10%
Magic:  5/5        EV: 10    Int:  8    God:    Trog [***...]
Gold:   102        SH:  0    Dex: 10    Spells: 4/4 levels left

rFire   . . .        b - +1 dagger (venom)
rCold   . . .        (no shield)
rNeg    . . .        f - +0 animal skin
rPois   .            (helmet restricted)
rElec   .            (no cloak)
rCorr   .            (gloves unavailable)
SInv    .            (boots unavailable)
Will    .....        (no amulet)
Stlth   +            (no ring)
HPRegen 0.29/turn    (no ring)
MPRegen 0.09/turn

%: no passive effects
@: no status effects
A: large, unfitting armour, horns 1, tough skin 1, double potion healing,
drunken brawling
a: Renounce Religion, Berserk, Trog's Hand


You were on level 3 of the Dungeon.
You worshipped Trog.
Trog was most pleased with you.
You visited 1 branch of the dungeon, and saw 3 of its levels.

You collected 102 gold pieces.

Inventory:

Hand Weapons
 a - a +0 flail
 b - a +1 dagger of venom (weapon)
Armour
 f - a +0 animal skin (worn)
Potions
 d - 2 potions of lignification
 e - a potion of magic {unknown}
 h - a potion of ambrosia {unknown}
 j - a potion of invisibility {unknown}


   Skills:
 + Level 4.6 Fighting
 * Level 3.9 Maces & Flails
 * Level 3.4 Dodging
 * Level 2.0 Evocations


You had 4 spell levels left.
You didn't know any spells.
Your spell library was empty.

Dungeon Overview and Level Annotations

Branches:
Dungeon (3/15)

Altars:
Elyvilon
Vehumet
Yredelemnul

Shops:
D:2 (


Innate Abilities, Weirdness & Mutations

You are too large for most types of armour.
You have a pair of small horns on your head.
You have tough skin. (AC +1)
You gain doubled healing and magic from potions.
Whenever you drink a healing potion, you attack all around you.


Message History

The hobgoblin is lightly wounded.
The hobgoblin hits you.
* * * LOW HITPOINT WARNING * * *
You hit the hobgoblin.
The hobgoblin looks as sick as possible!
The hobgoblin is almost dead.
You kill the hobgoblin!
Trog accepts your kill.
You hit Robin.
Robin is poisoned.
You headbutt Robin!
Robin is severely wounded.
Robin says, "Bow before me, strongest of all the hobgoblins!"
Robin throws the goblin at you! The goblin hits you with a +0 club.
* * * LOW HITPOINT WARNING * * *
You hit Robin but do no damage.
Robin is almost dead.
You kill Robin!
Trog accepts your kill. The goblin barely misses you.
Your Evocations skill increases to level 2!
You have reached level 5!
You hit the goblin.
The goblin is poisoned.
The goblin is heavily wounded.
The hobgoblin hits you but does no damage.
The goblin hits you with a +0 club.
* * * LOW HITPOINT WARNING * * *
You hit the goblin.
You kill the goblin!
Trog accepts your kill.
The hobgoblin hits you but does no damage.
You closely miss the hobgoblin. You headbutt the hobgoblin.
The hobgoblin is severely wounded.
The hobgoblin barely misses you.
You closely miss the hobgoblin.
The hobgoblin is severely wounded.
The hobgoblin closely misses you.
You barely miss the hobgoblin.
The hobgoblin is severely wounded.
The hobgoblin no longer looks unusually strong.
The hobgoblin hits you.
You die...

#...#.......###
#.#...≈#.#≈...##
....≈≈≈#.#≈≈≈..##
...≈≈≈≈#.#≈≈≈≈..#
#.≈≈≈≈≈#.#≈≈≈≈≈.##
..≈≈≈≈≈#.#≈≈≈≈≈..#
.≈≈#####.#####≈≈.#
.≈≈# ... #≈≈)#
.≈≈# ### ##≈@#
.≈≈# . #≈g###
.≈##.# #≈...##
..#.#
#.#...).#####..
...#
#..†.........<
...#≈≈
#....$........
....≈≈
≈≈..............
.# .
≈................
.#.#
!................


You could see a hobgoblin.

Vanquished Creatures
  Robin (D:3)
  2 gnolls (D:2)
  An adder (D:2)
  A dart slug (D:1)
  A ribbon worm (D:2)
  5 orcs (D:3)
  4 bats
  5 endoplasms
  14 goblins
  8 hobgoblins
  7 jackals
  9 quokkas
  A ball python (D:1)
  3 frilled lizards (D:1)
  6 kobolds
  2 rats
70 creatures vanquished.

Notes
Turn   | Place    | Note
-------+----------+-------------------------------------------
     0 | D:1      | Gadfly the Oni Berserker began the quest for the Orb.
     0 | D:1      | Reached XP level 1. HP: 24/24 MP: 1/1
   276 | D:1      | Reached XP level 2. HP: 32/32 MP: 2/2
   708 | D:1      | Reached ** piety under Trog
   709 | D:1      | Reached XP level 3. HP: 33/39 MP: 3/3
   920 | D:1      | Reached skill level 1 in Evocations
  1309 | D:2      | Reached XP level 4. HP: 22/49 MP: 4/4
  1738 | D:2      | Found Jisheyv's Weapon Shop.
  2395 | D:3      | Reached *** piety under Trog
  2501 | D:3      | Found a white marble altar of Elyvilon.
  2501 | D:3      | Found a faded altar of an unknown god.
  2509 | D:3      | Found a faded altar of an unknown god.
  2556 | D:3      | Found a basalt altar of Yredelemnul.
  2558 | D:3      | Found a radiant altar of Vehumet.
  2624 | D:3      | Noticed Robin
  2653 | D:3      | Killed Robin
  2654 | D:3      | Reached XP level 5. HP: 8/55 MP: 5/5
  2654 | D:3      | HP: 2/55 [goblin/+0 club (6)]
  2658 | D:3      | Slain by a hobgoblin

Illustrated notes

Levels and vault maps discovered:
D:1:      tarquinn_simple_flora_water_a, layout_basic, skrybe_limestone_x,
          chequers_serial_rivers_micro_b, minmay_misc_feat_roman, st_stairs_2,
          minivault_25, serial_bayou_lagoon_a
D:2:      wad_woods_tower, layout_basic, serial_shops,
          nicolae_shop_bloodbath_and_beyond, chequers_serial_rivers_micro_a,
          minmay_misc_feat_alley
D:3:      layout_rooms, chequers_temple_overflow_minitemple,
          grunt_decor_junction, guppyfry_early_orc_mine, uniq_robin,
          uniq_crazy_yiuf_cottage, uniq_grinder

Skill      XL: |  1  2  3  4 |
---------------+-------------+-----
Dodging        | 3 |  3.4
Evocations     | 1 2 |  2.0
Fighting       | |  4.6
Maces & Flails | |  3.9

Action                     |  1- 3 |  4- 6 || total
---------------------------+-------+-------++-------
  Melee: Mace              |    55 |       ||    55
         Headbutt          |    15 |    15 ||    30
         Dagger            |    62 |    89 ||   151
         Punch             |     2 |       ||     2
    Use: Scroll            |     4 |     2 ||     6
   Stab: Sleeping          |       |     1 ||     1
 Armour: Animal skin       |    78 |    73 ||   151
  Dodge: Dodged            |    81 |    54 ||   135
